 Dungeon Crawl Stone Soup version 0.30-a0-709-gcdc1b43e22 (webtiles) character file.

Game seed: 244300259383750188

51 Oxelix the Magician (level 4, -2/33 HPs)
             Began as a Djinni Fire Elementalist on Jan 22, 2023.
             Slain by a ball python (3 damage)
             ... on level 2 of the Dungeon.
             The game lasted 00:03:02 (2119 turns).

Oxelix the Magician (Djinni Fire Elementalist)      Turns: 2119, Time: 00:03:03

Health: -2/33      AC:  2    Str: 13    XL:     4   Next: 7%
Gold:   73         EV:  9    Int: 19    God:
                   SH:  0    Dex: 13

rFire   + + .      SeeInvis .    (no weapon)
rCold   x . .      Faith    .    (no shield)
rNeg    . . .      Spirit   .    a - +0 robe
rPois   ∞          Reflect  .    (no helmet)
rElec   .          Harm     .    (no cloak)
rCorr   .          Rampage  .    (no gloves)
Will    .....                    (boots unavailable)
Stlth   ++                       (no amulet)
HPRegen 0.25/turn                e - +6 ring of strength
MPRegen 0.00/turn                (no ring)

@: mighty, flying, constricted
A: sickness immunity, fire resistance 2, cold vulnerability 1, float, innate
caster, HP casting, extra vitality 1
a: no special abilities


You were on level 2 of the Dungeon.
You visited 1 branch of the dungeon, and saw 2 of its levels.

You collected 73 gold pieces.

Inventory:

Armour
 a - a +0 robe (worn)
Jewellery
 e - a +6 ring of strength (left hand)
Scrolls
 c - a scroll of enchant armour {unknown}
 d - a scroll of magic mapping {unknown}
 f - 2 scrolls of blinking {unknown}
 g - 3 scrolls of enchant weapon {unknown}
 h - 2 scrolls of identify {unknown}
 k - a scroll of fog {unknown}
 m - 2 scrolls of teleportation {unknown}
Potions
 b - a potion of magic
 i - a potion of curing {unknown}
 j - a potion of heal wounds {unknown}
 l - a potion of might
 n - a potion of degeneration {unknown}
 o - a potion of ambrosia {unknown}


   Skills:
 + Level 2.2 Fighting
 - Level 2.1 Dodging
 - Level 1.5 Stealth
 + Level 3.1 Spellcasting


You couldn't memorise any spells.
You knew the following spells:

 Your Spells              Type           Power      Damage    Failure   Level
a - Foxfire               Conj/Fire      56%        2x1d6     4%          1
b - Scorch                Fire           28%        2d6       6%          2
c - Kindle Blastsparks    Fire/Tloc/Air  28%        2d12      13%         3
d - Inner Flame           Hex/Fire       14%        N/A       13%         3
e - Flame Wave            Conj/Fire      14%        2d6       38%         4
f - Kiss of Death         Conj/Necr      56%        2d9       4%          1
Your spell library was empty.

Dungeon Overview and Level Annotations

Branches:
Dungeon (2/15)

Altars:

Shops:
D:1 [

Annotations:
D:2 1 runed translucent door, Crazy Yiuf


Innate Abilities, Weirdness & Mutations

You are immune to sickness and miasma.
You are immune to poison.
Your flesh is very heat resistant. (rF++)
You are vulnerable to cold. (rC-)
You float through the air rather than walking.
You learn spells naturally, not from books.
Your magical power is your life essence.
You have superior vitality. (+4 MHP)


Message History

The ball python closely misses you. The ball python constricts you.
* * * LOW HITPOINT WARNING * * *
You escape the ball python's grasp.
Casting: Scorch (safe; 6% risk of failure)
Confirm with . or Enter, or press ? or * to list all spells.
Flames lash the ball python.
The ball python is severely wounded.
The ball python's fire resistance burns away.
* * * LOW HITPOINT WARNING * * *
The ball python closely misses you. x2
The ball python attacks as you move away!
The ball python bites you.
* * * LOW HITPOINT WARNING * * *
Casting: Scorch (safe; 6% risk of failure)
Confirm with . or Enter, or press ? or * to list all spells.
Flames lash the rat.
You kill the rat!
* * * LOW HITPOINT WARNING * * *
The ball python bites you.
* * * LOW HITPOINT WARNING * * *
The ball python grabs you. The ball python constricts you.
Your magical contamination has completely faded away.
You escape the ball python's grasp.
The ball python attacks as you move away!
The ball python misses you.
The ball python is no longer more vulnerable to fire.
Casting: Scorch (safe; 6% risk of failure)
Confirm with . or Enter, or press ? or * to list all spells.
You don't know that spell.
The ball python attacks as you move away!
The ball python barely misses you. x2
It was a potion of might.
You feel very mighty all of a sudden. The ball python bites you.
* * * LOW HITPOINT WARNING * * *
The ball python grabs you. The ball python constricts you.
You barely miss the ball python.
The ball python is severely wounded.
The ball python bites you.
You die...

.####.##.##.......# .#
...#...'.......#######
.#....##.##.####+#......#
...#+ #'#....##.#......#
..## #.#####.#.#......#
..# +#+?..##..#......# ..#
S....#..#......# ..##
###Bg.()#..#.)....#
...####.'SS...#†@.........
........## ##S.#########
...##....#####g###
..###.........#######
..+........#........#
........####........#
.#####..# #........+
........# #........#
.#####.## #........#


You could see a hobgoblin and a ball python.

Vanquished Creatures
  A worm (D:2)
  7 ball pythons (D:2)
  7 bats
  5 endoplasms
  4 giant cockroaches
  3 goblins
  2 hobgoblins (D:1)
  A quokka (D:2)
  3 frilled lizards (D:2)
  4 kobolds
  6 rats
43 creatures vanquished.

Vanquished Creatures (others)
  162 foxfires
162 creatures vanquished.

Grand Total: 205 creatures vanquished

Notes
Turn   | Place    | Note
-------+----------+-------------------------------------------
     0 | D:1      | Oxelix the Djinni Fire Elementalist began the quest for the
                  | Orb.
     0 | D:1      | Oxelix set off with the following spells memorised:
                  | Foxfire, Scorch, Kindle Blastsparks, Inner Flame, Flame
                  | Wave.
     0 | D:1      | Reached XP level 1. HP: 15/15 MP: 0/0
   380 | D:1      | Reached XP level 2. HP: 19/22 MP: 0/0
   397 | D:1      | Reached skill level 1 in Fighting
   496 | D:1      | Found Jiczurch's Armour Emporium.
  1037 | D:2      | Reached XP level 3. HP: 26/27 MP: 0/0
  1037 | D:2      | Learned a level 1 spell: Kiss of Death
  1716 | D:2      | Found a runed translucent door.
  1717 | D:2      | Noticed Crazy Yiuf
  1855 | D:2      | Reached skill level 3 in Spellcasting
  2110 | D:2      | Reached XP level 4. HP: 14/33 MP: 0/0
  2118 | D:2      | HP: 1/33 [ball python (2)]
  2119 | D:2      | Slain by a ball python

Illustrated notes

Levels and vault maps discovered:
D:1:      erik_arrival_orb_chamber, layout_basic, serial_shops,
          nicolae_shop_stone
D:2:      layout_basic, minmay_misc_feat_rows, minmay_joined_circles,
          uniq_crazy_yiuf_cottage

Skill      XL: |  1  2  3 |
---------------+----------+-----
Fighting       | 1 2 |  2.2
Spellcasting   | 3 |  3.1
Dodging        | |  2.1
Stealth        | |  1.5

Action                     |  1- 3 |  4- 6 || total
---------------------------+-------+-------++-------
  Melee: Unarmed           |     3 |     1 ||     4
   Cast: Foxfire           |   101 |       ||   101
         Scorch            |     6 |     4 ||    10
    Use: Potion            |       |     1 ||     1
 Armour: Robe              |     1 |       ||     1
  Dodge: Dodged            |    12 |     7 ||    19

Table legend: (Time is in decaauts)
 A = Elapsed time spent in this place.
 B = Non-inter-level travel time spent in this place.
 C = Inter-level travel time spent in this place.
 D = Time resting spent in this place.
 E = Time spent auto-exploring this place.
 F = Levels seen in this place.
 G = Mean time per level.
                   A        B        C        D        E       F      G
               +--------+--------+--------+--------+--------+-----+--------+
         Total |   2118 |   2063 |     55 |      0 |   1819 |   2 | 1059.0 |
       Dungeon |   2118 |   2063 |     55 |      0 |   1819 |   2 | 1059.0 |
               +--------+--------+--------+--------+--------+-----+--------+

Top non-repeatable levels by time:
     D:2: 1136 daAuts
     D:1: 981 daAuts
